SKY
BALTIMORE ORIOLES @ CHICAGO CUBS
07/18/2051
 
TOP OF THE 1ST
Baltimore Orioles batting - Pitching for Chicago Cubs : RHP Lawrence Dagley
Pitching: RHP Lawrence Dagley
Batting: LHB Tony Goerner 0-0: Ball
1-0: Called Strike
1-1: Foul Ball, location: 5F
1-2: Ball
2-2: Ground out 4-3 (Groundball, P, EV 79.4 MPH)
Batting: SHB Magglio Trego 0-0: Ball
1-0: Ball
2-0: Called Strike
2-1: Ball
3-1: Foul Ball, location: 23F
3-2: Base on Balls
Batting: RHB Truman Jackson 0-0: Ball
1-0: SINGLE (Groundball, 34S, EV 74.4 MPH) (infield hit)
Magglio Trego to second
Batting: LHB Shaun Lane 0-0: Fielders Choice at 2nd, 4-6 (Groundball, 4, EV 105.0 MPH)
Magglio Trego to third
Batting: RHB Yovi Pizana 0-0: Called Strike
0-1: Swinging Strike
0-2: Ball
1-2: Foul Ball, location: 2F
1-2: Fly out, F3 (Popup, 3SF, EV 78.8 MPH)
Top of the 1st over - 0 runs, 1 hit, 0 errors, 2 left on base; Baltimore 0 - Chicago 0
BOTTOM OF THE 1ST
Chicago Cubs batting - Pitching for Baltimore Orioles : LHP Jay Gordon
Pitching: LHP Jay Gordon
Batting: LHB José Armijo 0-0: Foul Ball, location: 2LF
0-1: Foul Ball, location: 3FF
0-2: Ball
1-2: Ball
2-2: Ball
3-2: SINGLE (Groundball, 56, EV 90.0 MPH)
Batting: LHB Sebastian Reznik 0-0: Called Strike
0-1: Swinging Strike
0-2: Strikes out swinging
Batting: LHB Ben Waters 0-0: Ball
1-0: Ball
2-0: Fielders Choice at 2nd, 4-6 (Groundball, 4, EV 92.5 MPH)
Batting: RHB Meredith Moore 0-0: Ball
1-0: Called Strike
1-1: Foul Ball, location: 5DF
1-2: Ball
2-2: Ball
3-2: Strikes out swinging
Bottom of the 1st over - 0 runs, 1 hit, 0 errors, 1 left on base; Baltimore 0 - Chicago 0
TOP OF THE 2ND
Baltimore Orioles batting - Pitching for Chicago Cubs : RHP Lawrence Dagley
Batting: LHB Enriqueta Marquez 0-0: Foul Ball, location: 25F
0-1: Called Strike
0-2: Foul Ball, location: 23FF
0-2: Ball
1-2: Ball
2-2: Fly out, F9 (Flyball, 9LSF, EV 93.1 MPH)
Batting: RHB Martin Taylor 0-0: Called Strike
0-1: Ball
1-1: Swinging Strike
1-2: Foul Ball, location: 23F
1-2: Foul Ball, location: 5SF
1-2: Ball
2-2: Ball
3-2: Base on Balls
Batting: LHB Junino Exposito 0-0: Ball
1-0: Foul Ball, location: 2F
1-1: Ball
2-1: Ball
3-1: Base on Balls
Martin Taylor to second
Batting: SHB Elías Saucedo 0-0: Ball
1-0: Ball
2-0: Ball
3-0: Called Strike
3-1: Fielders Choice at 2nd, 3-6 (Groundball, 34, EV 97.5 MPH)
Martin Taylor to third
Batting: LHB Tony Goerner 0-0: Fly out, F8 (Line Drive, 89M, EV 90.0 MPH)
Top of the 2nd over - 0 runs, 0 hits, 0 errors, 2 left on base; Baltimore 0 - Chicago 0
BOTTOM OF THE 2ND
Chicago Cubs batting - Pitching for Baltimore Orioles : LHP Jay Gordon
Batting: RHB Pokey Baker 0-0: SINGLE (Groundball, 4MD, EV 97.5 MPH)
Batting: RHB Derek McCone 0-0: Sac Bunt to P - play at first, batter OUT! 1-3
Pokey Baker to second
Batting: RHB Yefferson Parras 0-0: Ball
1-0: Ball
Wild Pitch!
Pokey Baker to third
2-0: Fly out, F8 (Flyball, 8RM, EV 90.0 MPH)
Runner from 3rd tags up, SCORES, throw by CF
Pitching: RHP Bud Harrell
Batting: RHB Andy Washington 0-0: Called Strike
0-1: Called Strike
0-2: Ground out 6-3 (Groundball, 6, EV 106.9 MPH)
Bottom of the 2nd over - 1 run, 1 hit, 0 errors, 0 left on base; Baltimore 0 - Chicago 1
TOP OF THE 3RD
Baltimore Orioles batting - Pitching for Chicago Cubs : RHP Lawrence Dagley
Batting: SHB Magglio Trego 0-0: Foul Ball, location: 7LMF
0-1: Hit by Pitch
Batting: RHB Truman Jackson 0-0: Ball
1-0: Called Strike
1-1: Ball
2-1: Ball
Balk!
Magglio Trego to second
3-1: SINGLE (Line Drive, 34D, EV 97.5 MPH)
Magglio Trego to third
Batting: LHB Shaun Lane 0-0: Ball
1-0: Foul Ball, location: 25F
1-1: Called Strike
1-2: Strikes out swinging
Batting: RHB Yovi Pizana 0-0: Called Strike
0-1: Ball
1-1: Ball
2-1: Foul Ball, location: 25F
2-2: Ball
3-2: Base on Balls
Truman Jackson to second
Batting: LHB Enriqueta Marquez 0-0: Ball
1-0: Called Strike
1-1: Called Strike
1-2: Foul Ball, location: 2RF
1-2: Fly out, F9 (Flyball, 9, EV 93.1 MPH)
Runner from 3rd tags up, SCORES, no throw by RF
Batting: RHB Martin Taylor 0-0: Fly out, F8 (Flyball, 8LM, EV 90.0 MPH)
Top of the 3rd over - 1 run, 1 hit, 0 errors, 2 left on base; Baltimore 1 - Chicago 1
BOTTOM OF THE 3RD
Chicago Cubs batting - Pitching for Baltimore Orioles : RHP Bud Harrell
Batting: RHB Crosby Isner 0-0: Called Strike
0-1: Ball
1-1: SOLO HOME RUN (Flyball, 89XD, EV 101.9 MPH), Distance : 391 ft
Batting: LHB José Armijo 0-0: Ball
1-0: Called Strike
1-1: Ball
2-1: Ground out 4-3 (Groundball, 4, EV 84.4 MPH)
Batting: LHB Sebastian Reznik 0-0: Ball
1-0: Swinging Strike
1-1: Swinging Strike
1-2: Ball
2-2: Ball
3-2: Base on Balls
Batting: LHB Ben Waters 0-0: SINGLE (Flyball, 9LS, EV 94.4 MPH)
Sebastian Reznik to second
Batting: RHB Meredith Moore 0-0: Ball
1-0: Ball
2-0: Ball
3-0: Called Strike
3-1: Called Strike
3-2: Foul Ball, location: 7LSF
3-2: SINGLE (Line Drive, 9LS, EV 104.4 MPH)
Sebastian Reznik to third
Ben Waters to second
Runner from 3rd tries for Home, SAFE, throw by RF to home
Batting: RHB Pokey Baker 0-0: Called Strike
0-1: Ball
1-1: Called Strike
1-2: Foul Ball, location: 7LDF
1-2: Foul Ball, location: 2F
1-2: Strikes out swinging
Batting: RHB Derek McCone 0-0: Called Strike
0-1: Swinging Strike
0-2: Strikes out swinging
Bottom of the 3rd over - 2 runs, 3 hits, 0 errors, 2 left on base; Baltimore 1 - Chicago 3
TOP OF THE 4TH
Baltimore Orioles batting - Pitching for Chicago Cubs : RHP Lawrence Dagley
Batting: LHB Junino Exposito 0-0: Called Strike
0-1: Foul Ball, location: 23F
0-2: Ball
1-2: Ball
2-2: Foul Ball, location: 2F
2-2: Fly out, F7 (Flyball, 78M, EV 91.9 MPH)
Batting: SHB Elías Saucedo 0-0: Ball
1-0: Ball
2-0: Ball
3-0: Called Strike
3-1: Fly out, F8 (Flyball, 8LM, EV 88.8 MPH)
Batting: LHB Tony Goerner 0-0: Called Strike
0-1: Fly out, F6 (Popup, 56, EV 59.4 MPH)
Top of the 4th over - 0 runs, 0 hits, 0 errors, 0 left on base; Baltimore 1 - Chicago 3
BOTTOM OF THE 4TH
Chicago Cubs batting - Pitching for Baltimore Orioles : RHP Bud Harrell
Batting: RHB Yefferson Parras 0-0: Ball
1-0: Foul Ball, location: 3F
1-1: Fly out, F8 (Flyball, 78S, EV 92.5 MPH)
Batting: RHB Andy Washington 0-0: Foul Ball, location: 9LDF
0-1: Swinging Strike
0-2: Strikes out swinging
Batting: RHB Crosby Isner 0-0: Ball
1-0: Called Strike
1-1: Called Strike
1-2: Strikes out swinging
Bottom of the 4th over - 0 runs, 0 hits, 0 errors, 0 left on base; Baltimore 1 - Chicago 3
TOP OF THE 5TH
Baltimore Orioles batting - Pitching for Chicago Cubs : RHP Lawrence Dagley
Pitching: RHP A.K. Perozo
Batting: SHB Magglio Trego 0-0: Ball
1-0: SINGLE (Line Drive, 6M, EV 110.0 MPH)
Batting: RHB Truman Jackson 0-0: Called Strike
0-1: Foul Ball, location: 2F
0-2: Ball
1-2: Strikes out swinging
Batting: LHB Shaun Lane 0-0: Ball
1-0: Ball
2-0: Swinging Strike
2-1: Foul Ball, location: 2F
2-2: Ball
3-2: Base on Balls
Magglio Trego to second
Batting: RHB Yovi Pizana 0-0: Called Strike
0-1: Ball
1-1: Ball
2-1: Foul Ball, location: 2F
2-2: Strikes out swinging
Batting: LHB Enriqueta Marquez 0-0: Called Strike
0-1: Foul Ball, location: 2F
0-2: Strikes out swinging
Top of the 5th over - 0 runs, 1 hit, 0 errors, 2 left on base; Baltimore 1 - Chicago 3
BOTTOM OF THE 5TH
Chicago Cubs batting - Pitching for Baltimore Orioles : RHP Bud Harrell
Batting: LHB José Armijo 0-0: Ball
1-0: Foul Ball, location: 25FF
1-1: SINGLE (Groundball, 4MD, EV 101.3 MPH)
Pitching: RHP Marky England
Batting: LHB Sebastian Reznik 0-0: Ball
1-0: Foul Ball, location: 2LF
1-1: Ball
2-1: Ball
3-1: Fly out, F8 (Flyball, 8LD, EV 91.3 MPH)
Batting: LHB Ben Waters 0-0: Ball
1-0: Ball
2-0: Foul Ball, location: 2F
2-1: Called Strike
José Armijo steals 2nd, throwing error, E2
José Armijo to third
Balk!
José Armijo scores
2-2: Foul Ball, location: 23F
2-2: Strikes out swinging
Batting: RHB Meredith Moore 0-0: Called Strike
0-1: Ball
1-1: Ball
2-1: Ground out 1-3 (Groundball, 15, EV 70.0 MPH)
Bottom of the 5th over - 1 run, 1 hit, 1 error, 0 left on base; Baltimore 1 - Chicago 4
TOP OF THE 6TH
Baltimore Orioles batting - Pitching for Chicago Cubs : RHP A.K. Perozo
Batting: RHB Martin Taylor 0-0: Called Strike
0-1: Ball
1-1: SINGLE (Line Drive, 56, EV 101.3 MPH)
Batting: LHB Junino Exposito 0-0: Swinging Strike
0-1: Swinging Strike
0-2: Ball
1-2: Ball
2-2: Ball
3-2: Strikes out looking
Batting: SHB Elías Saucedo 0-0: Foul Ball, location: 5F
0-1: Fielders Choice at 2nd, 4-6 (Groundball, 4, EV 108.1 MPH)
Batting: LHB Tony Goerner 0-0: Called Strike
0-1: Foul Ball, location: 7LSF
0-2: Strikes out swinging
Top of the 6th over - 0 runs, 1 hit, 0 errors, 1 left on base; Baltimore 1 - Chicago 4
BOTTOM OF THE 6TH
Chicago Cubs batting - Pitching for Baltimore Orioles : RHP Marky England
Batting: RHB Pokey Baker 0-0: Ball
1-0: DOUBLE (Line Drive, 5D, EV 101.3 MPH)
Batting: RHB Derek McCone 0-0: Ball
1-0: Ground out 6-3 (Groundball, 6, EV 83.8 MPH)
Pokey Baker to third
Batting: RHB Yefferson Parras 0-0: Ball
1-0: Called Strike
1-1: Called Strike
1-2: Foul Ball, location: 2F
1-2: Fly out, F9 (Flyball, 89M, EV 80.6 MPH)
Batting: RHB Andy Washington 0-0: Ball
1-0: Fly out, F7 (Line Drive, 78M, EV 90.0 MPH)
Bottom of the 6th over - 0 runs, 1 hit, 0 errors, 1 left on base; Baltimore 1 - Chicago 4
TOP OF THE 7TH
Baltimore Orioles batting - Pitching for Chicago Cubs : RHP A.K. Perozo
Batting: SHB Magglio Trego 0-0: Ball
1-0: Called Strike
1-1: Ball
2-1: Ball
3-1: Fly out, F3 (Popup, 3F, EV 66.3 MPH)
Batting: RHB Truman Jackson 0-0: Ball
1-0: Ball
2-0: SINGLE (Flyball, 5D, EV 90.6 MPH)
Batting: LHB Shaun Lane 0-0: Foul Ball, location: 7LSF
0-1: Ball
1-1: Foul Ball, location: 23F
1-2: Grounds into double play, 6-4-3 (Groundball, 6MD, EV 104.4 MPH)
Top of the 7th over - 0 runs, 1 hit, 0 errors, 0 left on base; Baltimore 1 - Chicago 4
BOTTOM OF THE 7TH
Chicago Cubs batting - Pitching for Baltimore Orioles : RHP Marky England
Batting: RHB Crosby Isner 0-0: Ball
1-0: Ball
2-0: Ground out 2-3 (Groundball, 15S, EV 70.6 MPH)
Batting: LHB José Armijo 0-0: DOUBLE (Line Drive, 7LM, EV 93.8 MPH)
Batting: LHB Sebastian Reznik 0-0: Ball
1-0: Ground out 4-3 (Groundball, 4, EV 101.3 MPH)
José Armijo to third
Batting: LHB Ben Waters 0-0: Ball
1-0: Ball
2-0: Ball
3-0: Base on Balls
Batting: RHB Meredith Moore 0-0: SINGLE (Groundball, 6MS, EV 70.6 MPH) (infield hit)
José Armijo scores
Ben Waters to second
Batting: RHB Pokey Baker 0-0: Swinging Strike
0-1: Ball
1-1: Ball
2-1: Ball
3-1: Base on Balls
Ben Waters to third
Meredith Moore to second
Batting: RHB Derek McCone 0-0: Ball
1-0: Ball
2-0: Ground out U3 (Groundball, 13, EV 93.1 MPH)
Bottom of the 7th over - 1 run, 2 hits, 0 errors, 3 left on base; Baltimore 1 - Chicago 5
TOP OF THE 8TH
Baltimore Orioles batting - Pitching for Chicago Cubs : RHP A.K. Perozo
Batting: RHB Yovi Pizana 0-0: Called Strike
0-1: Ball
1-1: Foul Ball, location: 5F
1-2: Foul Ball, location: 7LMF
1-2: Fly out, F8 (Flyball, 8LS, EV 90.0 MPH)
Pitching: LHP B.J. Donell
Pinch Hitting: RHB Grayson Burdick 0-0: Called Strike
0-1: Foul Ball, location: 25FF
0-2: SINGLE (Line Drive, 3D, EV 100.0 MPH)
Batting: RHB Martin Taylor 0-0: Ball
1-0: Ball
Wild Pitch!
Grayson Burdick to second
2-0: Swinging Strike
2-1: Ball
3-1: Foul Ball, location: 2F
3-2: Fly out, F8 (Flyball, 89M, EV 93.8 MPH)
Batting: LHB Junino Exposito 0-0: Ball
1-0: Ball
2-0: Fly out, F8 (Flyball, 8RXD, EV 102.5 MPH)
Top of the 8th over - 0 runs, 1 hit, 0 errors, 1 left on base; Baltimore 1 - Chicago 5
BOTTOM OF THE 8TH
Chicago Cubs batting - Pitching for Baltimore Orioles : RHP Marky England
Now in LF: Grayson Burdick
Batting: RHB Yefferson Parras 0-0: Ball
1-0: Ball
2-0: Called Strike
2-1: Fly out, F7 (Flyball, 7S, EV 88.8 MPH)
Batting: RHB Andy Washington 0-0: Fly out, F8 (Flyball, 8LD, EV 93.8 MPH)
Batting: RHB Crosby Isner 0-0: Called Strike
0-1: Swinging Strike
0-2: Foul Ball, location: 9LDF
0-2: Ball
1-2: Strikes out swinging
Bottom of the 8th over - 0 runs, 0 hits, 0 errors, 0 left on base; Baltimore 1 - Chicago 5
TOP OF THE 9TH
Baltimore Orioles batting - Pitching for Chicago Cubs : LHP B.J. Donell
Batting: SHB Elías Saucedo 0-0: Swinging Strike
0-1: Foul Ball, location: 3F
0-2: Ball
1-2: SINGLE (Groundball, 6D, EV 105.0 MPH)
Batting: LHB Tony Goerner 0-0: Called Strike
0-1: DOUBLE (Line Drive, 89D, EV 104.4 MPH)
Elías Saucedo to third
Pitching: RHP Johnny Armour
Batting: SHB Magglio Trego 0-0: Called Strike
0-1: Swinging Strike
0-2: Ball
1-2: Strikes out swinging
Batting: RHB Truman Jackson 0-0: Called Strike
0-1: Ball
1-1: Swinging Strike
1-2: Foul Ball, location: 2F
1-2: Ball
2-2: Fly out, F9 (Line Drive, 9, EV 86.9 MPH)
Runner from 3rd tags up, SCORES, no throw by RF
Batting: LHB Shaun Lane 0-0: SINGLE (Line Drive, 78S, EV 105.6 MPH)
Tony Goerner to third
Batting: RHB Yovi Pizana 0-0: Ball
1-0: Fly out, F8 (Flyball, 89D, EV 110.0 MPH)
Top of the 9th over - 1 run, 3 hits, 0 errors, 2 left on base; Baltimore 2 - Chicago 5
Friday, March 22nd , 2024 - OOTP Baseball 24.11 Build 85